 Dungeon Crawl Stone Soup version 0.13.0-26-gf7ffa3a (webtiles) character file.

250 Lilouch the Grave Robber (level 4, -2/30 HPs)
             Began as a Mummy Necromancer on Nov 1, 2013.
             Slain by a killer bee (4 damage)
             ... on Level 3 of the Dungeon.
             The game lasted 00:20:00 (1956 turns).

Lilouch the Grave Robber (Mummy Necromancer)        Turns: 1956, Time: 00:20:01

HP  -2/30        AC  5     Str 11      XL: 4   Next: 52%
MP   5/8         EV  9     Int 15      God:
Gold 146         SH  6     Dex 12      Spells:  1 memorised,  7 levels left

Res.Fire  : x . .   See Invis. : .   (no weapon)
Res.Cold  : + . .   Warding    : .   p - +0 leather armour
Life Prot.: + + +   Conserve   : .   a - +0 buckler
Res.Poison: +       Res.Corr.  : .   i - +0 helmet
Res.Elec. : .       Clarity    : .   e - +0 cloak
Sust.Abil.: . .     Spirit.Shd : .   (no gloves)
Res.Mut.  : .       Stasis     : .   (no boots)
Res.Rott. : +       Flight     : .   (no amulet)
Saprovore : . . .                    (no ring)
                                     (no ring)

@: slightly resistant to hostile enchantments, unstealthy
A: no food or potions, fire vulnerability, restore body, cold resistance 1, life
protection 3, poison resistance, torment resistance, unbreathing
a: no special abilities


You were on level 3 of the Dungeon.
You were not hungry.

You visited 1 branch of the dungeon, and saw 3 of its levels.

You collected 126 gold pieces.

Inventory:

Hand weapons
 c - a +0,+0 dagger (quivered)
 q - a +0,+0 dagger
Missiles
 n - an exploding dart
 s - 13 darts of flame
Armour
 a - a +0 buckler (worn)
 e - a +0 cloak (worn)
 g - a +0 orcish robe
 i - a +0 helmet (worn)
 m - a +0 ring mail
 p - a +0 leather armour (worn)
Magical devices
 l - a wand of polymorph (16) {unknown}
 r - a wand of digging (9) {unknown}
Scrolls
 d - 4 scrolls of remove curse {unknown}
 f - a scroll of enchant armour {unknown}
 h - a scroll of amnesia {unknown}
 j - 2 scrolls of teleportation {unknown}
 o - 4 scrolls of identify {unknown}
Jewellery
 k - a +4 ring of dexterity {unknown}
 t - an uncursed ring of sustenance {unknown}
Books
 b - a book of Necromancy

   Spells                             Type                      Level
   *Pain                              Necromancy                   1
   Animate Skeleton                   Necromancy                   1
   Lethal Infusion                    Charms/Necromancy            2
   Vampiric Draining                  Necromancy                   3
   Regeneration                       Charms/Necromancy            3
   Animate Dead                       Necromancy                   4
   Control Undead                     Necromancy                   4


   Skills:
 + Level 1.1 Armour
 - Level 1.5 Dodging
 - Level 1.5 Stealth
 + Level 2.9 Spellcasting
 - Level 4.7 Necromancy


You had 7 spell levels left.
You knew the following spells:

 Your Spells              Type           Power        Failure   Level  Hunger
a - Pain                  Necr           ###.         8%          1    N/A

Dungeon Overview and Level Annotations

Branches:
Dungeon (3/27)

Altars:
Okawaru


Innate Abilities, Weirdness & Mutations

You do not eat or drink.
Your flesh is vulnerable to fire.
Your flesh is cold resistant.
You are immune to negative energy.
Your system is resistant to poisons.
You are immune to unholy pain and torment.
You can survive without breathing.


Message History

The killer bee barely misses you.
The killer bee stings you but does no damage.
The killer bee stings you!
* * * LOW HITPOINT WARNING * * *
The killer bee barely misses you. The killer bee closely misses you.
The rat twitches its whiskers.
The killer bee stings you.
* * * LOW HITPOINT WARNING * * *
The killer bee closely misses you. The killer bee barely misses you.
The killer bee barely misses you. You block the killer bee's attack.
The killer bee stings you!
* * * LOW HITPOINT WARNING * * *
The killer bee closely misses you.
The killer bee stings you but does no damage.
Your magical contamination has completely faded away.
The killer bee stings you.
You die...

### ### #.. ..# #.#
#.# #.#####.##
######.##.....#
#...##.##.##..#
#...k.k...##..#######
#...##.kk@..........#
##.################.#
####.# #.# #k.kk#
##.## #.####
###...### #.#
#...#...# #k#
#.......# #.#
#..##.#.# #k#
#..#..#.#


You could see 4 killer bees.

Vanquished Creatures
  Jessica (D:3)
  3 adders
  2 giant geckos
  2 oozes
  2 orcs (D:2)
  6 bats
  3 giant cockroaches
  11 goblins
  11 hobgoblins
  A ball python (D:2)
  6 giant newts
  3 kobolds
  4 rats
55 creatures vanquished.

Notes
Turn   | Place    | Note
--------------------------------------------------------------
     0 | D:1      | Lilouch, the Mummy Necromancer, began the quest for the Orb.
     0 | D:1      | Reached XP level 1. HP: 13/13 MP: 3/3
   261 | D:1      | Reached XP level 2. HP: 17/19 MP: 0/4
   878 | D:2      | Reached XP level 3. HP: 24/24 MP: 1/6
  1423 | D:2      | Found an iron altar of Okawaru.
  1437 | D:2      | Reached XP level 4. HP: 11/30 MP: 1/8
  1691 | D:3      | Noticed Jessica
  1696 | D:3      | Killed Jessica
  1696 | D:3      | Reached skill level 1 in Armour
  1956 | D:3      | Slain by a killer bee

Action                   |  1- 3 |  4- 6 || total
-------------------------+-------+-------++-------
Melee: Unarmed           |    34 |     5 ||    39
Throw: Dagger            |     1 |       ||     1
       Dart              |       |     1 ||     1
 Cast: Pain              |    78 |    21 ||    99
